 Dungeon Crawl Stone Soup version 0.28-a0-919-g0b5b508569 (webtiles) character file.

Game seed: 17027393947743021899

4736 horus123 the Cleaver (level 10, 0/84 HPs)
             Began as a Hill Orc Fighter on Nov 25, 2021.
             Was a Believer of Beogh.
             Succumbed to a killer bee's poison
             ... on level 9 of the Dungeon.
             The game lasted 00:16:37 (9503 turns).

horus123 the Cleaver (Hill Orc Fighter)             Turns: 9503, Time: 00:16:38

Health: 0/84       AC: 23    Str: 29    XL:     10   Next: 46%
Magic:  14/14      EV:  9    Int:  9    God:    Beogh [**....]
Gold:   404        SH:  4    Dex: 10    Spells: 6/15 levels left

rFire   + + .      SeeInvis +   y - +4 broad axe of Taekuw {protect, rF+ Will+ Int-5 SInv}
rCold   + . .      Faith    .   c - +0 buckler
rNeg    . . .      Spirit   .   k - +2 chain mail
rPois   +          Reflect  .   e - +2 helmet
rElec   +          Harm     .   x - +0 cloak
rCorr   +          Rampage  .   (no gloves)
Will    +....                   (no boots)
Stlth   ..........              (no amulet)
HPRegen 0.24/turn               w - +6 ring of strength
MPRegen 0.14/turn               g - +6 ring of intelligence

@: lethally poisoned (0 -> -1), resistant, under a protective aura
A: no striking features
a: Renounce Religion, Smiting


You were on level 9 of the Dungeon.
You worshipped Beogh.
Beogh was pleased with you.
You visited 1 branch of the dungeon, and saw 9 of its levels.

You collected 404 gold pieces.

Inventory:

Hand Weapons
 a - a +0 war axe of chaos
 r - the +3 war axe "Gogateil" {antimagic, *Noise Str+5 Int+4}
   (You found it on level 5 of the Dungeon)

   It reduces the magical energy of the wielder, and disrupts the spells and
   magical abilities of those it strikes.
   Natural abilities and divine invocations are not affected.
   Str:       It affects your strength (+5).
   Int:       It affects your intelligence (+4).
   *Noise:    It may make noises in combat.
 y - the +4 broad axe of Taekuw (weapon) {protect, rF+ Will+ Int-5 SInv}
   (You found it on level 8 of the Dungeon)

   It grants its wielder temporary protection when it strikes (+7 to AC).
   Int:       It affects your intelligence (-5).
   rF:        It protects you from fire.
   SInv:      It lets you see invisible.
   Will:      It increases your willpower.
Missiles
 d - 4 throwing nets
Armour
 b - a +0 scale mail
 c - a +0 buckler (worn)
 e - a +2 helmet (worn)
 k - a +2 chain mail (worn)
 p - a +0 plate armour
 x - a +0 cloak (worn)
 z - a +0 plate armour of cold resistance
Jewellery
 f - a ring of ice
 g - a +6 ring of intelligence (right hand)
 w - a +6 ring of strength (left hand)
Wands
 j - a wand of polymorph (19)
Scrolls
 l - a scroll of blinking
 s - a scroll of magic mapping
 t - 3 scrolls of identify
Potions
 h - a potion of haste
 i - 2 potions of mutation
 m - a potion of resistance
 o - a potion of brilliance
 q - 2 potions of lignification
 u - a potion of attraction
 v - a potion of cancellation
 A - a potion of ambrosia


   Skills:
 - Level 6.7 Fighting
 - Level 10.8 Axes
 - Level 6.0 Armour
 - Level 1.1 Dodging
 - Level 1.1 Stealth
 - Level 4.4 Shields
 - Level 3.0 Spellcasting
 + Level 9.1 Necromancy
 - Level 1.3 Evocations


You had 6 spell levels left.
You knew the following spells:

 Your Spells              Type           Power      Damage    Failure   Level
a - Pain                  Necr           68%        1d7       3%          1
b - Vampiric Draining     Necr           17%        2d7       10%         3
c - Agony                 Necr           17%        N/A       67%         5

Your spell library contained the following spells:

 Spells                   Type           Power      Damage    Failure   Level
 Animate Skeleton         Necr           34%        N/A       3%          1
 Sandblast                Erth           2%         2d4       82%         1
 Shock                    Conj/Air       4%         1d3       82%         1
 Passwall                 Tmut/Erth      0%         N/A       91%         2
 Dazzling Flash           Conj/Hex       2%         N/A       99%         3
 Ignite Poison            Fire/Tmut/Pois 1%         N/A       99%         3
 Inner Flame              Hex/Fire       1%         N/A       99%         3
 Mephitic Cloud           Conj/Pois/Air  1%         N/A       99%         3
 Stone Arrow              Conj/Erth      2%         3d7       99%         3
 Swiftness                Air            1%         N/A       99%         3
 Airstrike                Air            0%         N/A       100%        4
 Cause Fear               Hex            0%         N/A       100%        4
 Freezing Cloud           Conj/Ice/Air   0%         6-21      100%        5
 Silence                  Hex/Air        0%         N/A       100%        5
 Borgnjor's Revivificati  Necr           8%         N/A       100%        8
 Discord                  Hex            0%         N/A       100%        8
 Necromutation            Tmut/Necr      4%         N/A       100%        8
 Death's Door             Necr           8%         N/A       100%        9


Dungeon Overview and Level Annotations

Branches:
Dungeon (9/15)             Temple (0/1) D:4
   Lair: D:8-11         Orc: D:9-12

Altars:

Shops:
D:7 :


Message History

You closely miss the killer bee.
You feel sick. The killer bee closely misses you. The killer bee stings you!
* * * LOW HITPOINT WARNING * * *
You are more poisoned.
The killer bee poisons you!
You miss the killer bee.
* * * LOW HITPOINT WARNING * * *
You feel sick. You block the killer bee's attack.
The killer bee stings you but does no damage.
You miss the killer bee.
* * * LOW HITPOINT WARNING * * *
You feel sick. The killer bee stings you.
* * * LOW HITPOINT WARNING * * *
The killer bee stings you but does no damage.
You barely miss the killer bee.
* * * LOW HITPOINT WARNING * * *
You feel sick.
The killer bee stings you but does no damage.
The killer bee closely misses you.
You feel protected.
* * * LOW HITPOINT WARNING * * *
You feel sick. The killer bee barely misses you.
The killer bee stings you but does no damage.
You slice the killer bee!!
Your weapon exudes an aura of protection.
You kill the killer bee!
Beogh accepts your kill.
* * * LOW HITPOINT WARNING * * *
You feel sick. The killer bee closely misses you.
You closely miss the killer bee.
* * * LOW HITPOINT WARNING * * *
You feel sick. The killer bee barely misses you. x2
You slice the killer bee!!
You kill the killer bee!
Beogh accepts your kill.
* * * LOW HITPOINT WARNING * * *
You feel sick. The killer bee barely misses you.
The killer bee completely misses you.
You miss the killer bee.
You die...

.# .. ##.##. .....
#... #..# # # #..##.#
#.####.....#
#..@yyy...>#
######y###....
#######.### #
..........#### ###
.............###.....
#######.#....<.......
#.########..)## #(#
## #..


You could see 4 killer bees.

Vanquished Creatures
  4 yaks (D:8)
  A wyvern (D:8)
  2 steam dragons (D:8)
  A water moccasin (D:8)
  An orc warrior (D:7)
  A black bear (D:6)
  2 ice beasts
  3 sky beasts
  2 ogres
  5 centaurs
  A phantom (D:7)
  A bullfrog (D:7)
  A wyvern zombie (D:7)
  A gnoll sergeant (D:7)
  A scorpion (shapeshifter) (D:5)
  2 scorpions
  A water moccasin zombie (D:6)
  A water moccasin skeleton (D:5)
  19 killer bees
  3 wights (D:8)
  A centaur zombie (D:7)
  2 howler monkeys (D:8)
  2 hounds
  3 bullfrog skeletons
  A jelly (D:6)
  2 orc priests
  Terence (D:2)
  Natasha (thrice) (D:3)
  7 iguanas
  An orc wizard (D:7)
  Robin (D:2)
  13 gnolls
  10 adders
  2 shadow imps
  A white imp (D:7)
  2 ufetubi
  2 worms (D:3)
  2 dart slugs
  13 orcs
  3 endoplasms
  2 giant cockroaches (D:4)
  7 goblins
  8 hobgoblins
  7 jackals
  3 quokkas
  4 ball pythons
  3 bats
  6 frilled lizards
  9 kobolds
  A quokka skeleton (D:4)
  2 rats
177 creatures vanquished.

Vanquished Creatures (others)
  An endoplasm (D:4)
1 creature vanquished.

Grand Total: 178 creatures vanquished

Notes
Turn   | Place    | Note
-------+----------+-------------------------------------------
     0 | D:1      | horus123 the Hill Orc Fighter began the quest for the Orb.
     0 | D:1      | Reached XP level 1. HP: 19/19 MP: 1/1
   344 | D:1      | Reached XP level 2. HP: 27/27 MP: 2/2
  1124 | D:2      | Reached skill level 3 in Axes
  1124 | D:2      | Reached XP level 3. HP: 26/33 MP: 3/3
  1425 | D:2      | Reached XP level 4. HP: 15/41 MP: 4/4
  1696 | D:2      | Noticed Terence
  1700 | D:2      | Killed Terence
  1701 | D:2      | Reached skill level 4 in Axes
  1786 | D:2      | Found a faded altar of an unknown god.
  1872 | D:2      | Noticed Robin
  1884 | D:2      | Killed Robin
  1885 | D:2      | Reached XP level 5. HP: 45/47 MP: 5/5
  2256 | D:3      | Reached skill level 5 in Axes
  2381 | D:3      | Noticed an ice beast
  2395 | D:3      | Killed an ice beast
  2396 | D:3      | Reached skill level 6 in Axes
  2396 | D:3      | Reached XP level 6. HP: 53/53 MP: 6/6
  2695 | D:3      | Noticed Natasha
  2705 | D:3      | Killed Natasha
  2811 | D:3      | Noticed Natasha
  2822 | D:3      | Killed Natasha
  2852 | D:3      | Noticed Natasha
  2862 | D:3      | Killed Natasha
  3477 | D:4      | Found a staircase to the Ecumenical Temple.
  3481 | D:4      | Became a worshipper of Beogh the Brigand
  3897 | D:4      | Reached XP level 7. HP: 53/60 MP: 7/7
  4264 | D:5      | Entered Level 5 of the Dungeon
  4286 | D:5      | Reached skill level 5 in Fighting
  4286 | D:5      | Noticed a shapeshifter
  4286 | D:5      | a gnoll changed into a shapeshifter
  4286 | D:5      | Noticed a blink frog
  4286 | D:5      | a shapeshifter changed into a blink frog
  4301 | D:5      | Noticed a shapeshifter
  4301 | D:5      | a blink frog changed into a shapeshifter
  4301 | D:5      | Noticed a harpy
  4301 | D:5      | a shapeshifter changed into a harpy
  4302 | D:5      | Noticed a shapeshifter
  4302 | D:5      | a harpy changed into a shapeshifter
  4302 | D:5      | Noticed a cane toad
  4302 | D:5      | a shapeshifter changed into a cane toad
  4303 | D:5      | Noticed a shapeshifter
  4303 | D:5      | a cane toad changed into a shapeshifter
  4303 | D:5      | Noticed a rime drake
  4303 | D:5      | a shapeshifter changed into a rime drake
  4304 | D:5      | Noticed a shapeshifter
  4304 | D:5      | a rime drake changed into a shapeshifter
  4304 | D:5      | Noticed a basilisk
  4304 | D:5      | a shapeshifter changed into a basilisk
  4305 | D:5      | Noticed a shapeshifter
  4305 | D:5      | a basilisk changed into a shapeshifter
  4305 | D:5      | a shapeshifter changed into a water moccasin
  4316 | D:5      | Reached skill level 7 in Axes
  4316 | D:5      | Reached skill level 5 in Armour
  4784 | D:5      | Identified the +3 war axe "Gogateil" {antimagic, *Noise
                  | Str+5 Int+4}
  4849 | D:5      | Reached skill level 8 in Axes
  4866 | D:5      | Reached skill level 1 in Stealth
  4914 | D:5      | Reached skill level 1 in Evocations
  4957 | D:5      | Reached * piety under Beogh
  4958 | D:5      | Reached XP level 8. HP: 64/70 MP: 2/8
  5758 | D:6      | Reached skill level 9 in Axes
  5953 | D:6      | Reached skill level 10 in Axes
  5953 | D:6      | Reached skill level 1 in Dodging
  5974 | D:6      | Reached XP level 9. HP: 43/78 MP: 3/9
  6126 | D:6      | Learned a level 1 spell: Pain
  6222 | D:7      | Reached skill level 1 in Spellcasting
  6531 | D:7      | Reached ** piety under Beogh
  6715 | D:7      | Reached skill level 1 in Necromancy
  7204 | D:7      | Found Dudd's Book Shop.
  7215 | D:7      | Learned a level 3 spell: Vampiric Draining
  7564 | D:8      | Reached skill level 5 in Necromancy
  7746 | D:8      | Identified the +4 broad axe of Taekuw {protect, rF+ Will+
                  | Int-5 SInv}
  7813 | D:8      | Reached XP level 10. HP: 48/84 MP: 14/14
  9318 | D:8      | Learned a level 5 spell: Agony
  9498 | D:9      | HP: 4/84 [poisoned by a killer bee]
  9502 | D:9      | HP: 1/84 [poisoned by a killer bee]
  9503 | D:9      | Succumbed to a killer bee's poison

Illustrated notes

Levels and vault maps discovered:
D:1:      eino_arrival_water_star, layout_basic
D:2:      layout_loops_ring, shapermc_ecumenical_altar_mp_vishouse,
          nrook_campfire, uniq_terence, uniq_robin
D:3:      layout_loops_ring, cheibrodos_sewer_entry_bend,
          guppyfry_early_lair_pool, uniq_natasha
D:4:      layout_layer_cave, minmay_temple_entry_poolview
D:5:      layout_basic, kennysheep_generic_room_7
D:6:      layout_basic, minmay_joined_circles
D:7:      layout_basic, serial_shops, nicolae_stop_n_shop_1
D:8:      layout_basic
D:9:      layout_loops_ring, nicolae_shop_sticking_my_neck_out

Skill      XL: |  1  2  3  4  5  6  7  8  9 10 |
---------------+-------------------------------+-----
Fighting       | 4 5 6 |  6.7
Axes           | 3 4 6 8 10 | 10.8
Armour         | 4 5 6 |  6.0
Shields        | 4 |  4.4
Stealth        | 1 |  1.1
Evocations     | 1 |  1.3
Dodging        | 1 |  1.1
Spellcasting   | 3 |  3.0
Necromancy     | 6 9 |  9.1

Action                   |  1- 3 |  4- 6 |  7- 9 | 10-12 || total
-------------------------+-------+-------+-------+-------++-------
Melee: War axe           |    75 |   180 |   284 |   106 ||   645
       Broad axe         |       |       |       |    10 ||    10
 Cast: Pain              |       |       |       |     2 ||     2
Invok: Convert to Beogh  |       |     1 |       |       ||     1
Evoke: Wand              |       |       |     5 |       ||     5
  Use: Scroll            |     2 |    11 |     6 |     1 ||    20
       Potion            |     1 |       |     3 |     4 ||     8
Armor: Scale mail        |    41 |     1 |       |       ||    42
       Chain mail        |       |    96 |   173 |    84 ||   353
Dodge: Dodged            |    38 |    53 |   136 |    56 ||   283
Block: Buckler           |    23 |    25 |    63 |    18 ||   129

Table legend: (Time is in decaauts)
 A = Elapsed time spent in this place.
 B = Non-inter-level travel time spent in this place.
 C = Inter-level travel time spent in this place.
 D = Time resting spent in this place.
 E = Time spent auto-exploring this place.
 F = Levels seen in this place.
 G = Mean time per level.
                   A        B        C        D        E       F      G
               +--------+--------+--------+--------+--------+-----+--------+
         Total |   9570 |   9319 |    251 |   1285 |   6636 |   9 | 1063.3 |
       Dungeon |   9570 |   9319 |    251 |   1285 |   6636 |   9 | 1063.3 |
               +--------+--------+--------+--------+--------+-----+--------+

Top non-repeatable levels by time:
     D:8: 1921 daAuts
     D:7: 1319 daAuts
     D:2: 1187 daAuts
     D:1: 1098 daAuts
     D:6: 1078 daAuts
     D:3: 1026 daAuts
     D:4: 1023 daAuts
     D:5: 844 daAuts
     D:9: 69 daAuts
